 Dungeon Sprint DCSS version 0.19-a0-376-gf780d9b (webtiles) character file.

24615594 namelastname112 the Ninja (level 20, 146/186 HPs)
             Began as a Vampire Enchanter on May 30, 2016.
             Was the Champion of Dithmenos.
             Escaped with the Orb
             ... and 10 runes!
             The game lasted 01:59:49 (26204 turns).

namelastname112 the Ninja (Vampire Enchanter)      Turns: 26204, Time: 01:59:50

Health: 146/186    AC: 18    Str:  7    XL:     20   Next: 14%
Magic:  35/43      EV: 38    Int: 19    God:    Dithmenos [******]
Gold:   1745       SH:  9    Dex: 27    Spells: 14 memorised, 6 levels left

rFire  + + .     SeeInvis +     q - +4 staff of Dispater
rCold  + + +     Gourm    .     A - +2 robe {rC+ rF+}
rNeg   + + +     Faith    .     K - +2 buckler {reflect}
rPois  ∞         Spirit   .     N - +1 helmet {SInv}
rElec  .         Dismiss  .     R - +4 dragonskin cloak
rCorr  +         Reflect  +     F - +2 pair of gloves {archery}
SustAt .         Harm     .     C - +0 pair of boots
MR     +++..     NoTele   +     J - amulet of regeneration
Stlth  ++........               W - ring of Benevolence {rCorr MR+ Dex+5 Stlth-}
                                I - ring "Wenunacza" {+Fly rF+}

@: contaminated, bloodless, non-regenerating, glowing, extremely resistant to
hostile enchantments, unstealthy
A: fangs 3, see invisible, deterioration 2, screaming 2, unbreathing, subdued
magic 1, MP-powered wands
a: Bat Form, Shadow Step, Shadow Form, Renounce Religion, Evoke Flight
0: Orb of Zot
}: 10/10 runes: serpentine, barnacled, slimy, silver, golden, iron, obsidian,
icy, bone, demonic


You escaped.
You worshipped Dithmenos.
Dithmenos was exalted by your worship.
You were bloodless.

You visited 1 branch You collected 3265 gold pieces.
You spent 1520 gold pieces at shops.

Inventory:

Hand Weapons
 a - a +4 vampiric demon blade
 q - the +4 staff of Dispater (weapon)
   (You took it off Dispater in the Dungeon)
 V - a +8 quick blade
 X - a +9 blowgun of evasion
Missiles
 t - 5 throwing nets (quivered)
 w - 6 curare-tipped needles
 y - 3 needles of paralysis
 z - 5 needles of sleeping
Armour
 A - a +2 robe of resistance (worn)
 C - a +0 pair of boots (worn)
 F - a +2 pair of gloves of archery (worn)
 K - a +2 buckler of reflection (worn)
 N - a +1 helmet of see invisible (worn)
 R - the +4 dragonskin cloak (worn)
   (You took it off Tiamat in the Dungeon)
Jewellery
 j - an uncursed ring of protection from fire
 p - an uncursed ring of protection from magic {unknown}
 I - the ring "Wenunacza" (left hand) {+Fly rF+}
   (You found it in the Dungeon)

   [ring of flight]

   It protects you from fire.
   It lets you fly.
 J - an amulet of regeneration (around neck)
 T - an uncursed ring of wizardry
 W - the ring of Benevolence (right hand) {rCorr MR+ Dex+5 Stlth-}
   (You bought it in a shop in the Dungeon)

   [ring of resist corrosion]

   It affects your dexterity (+5).
   It affects your resistance to hostile enchantments.
   It makes you less stealthy.
Wands
 b - a wand of digging (10/24)
 c - a wand of hasting (1/9)
 x - a wand of iceblast (6/15)
 L - a wand of heal wounds (2/9)
 M - a wand of disintegration (0/24)
 S - a wand of iceblast (8/15)
 Y - a wand of paralysis (15/24)
 Z - a wand of heal wounds (6/9)
Scrolls
 f - a scroll of enchant armour
 g - a scroll of recharging
 l - 3 scrolls of torment
 m - a scroll of fog
 G - a scroll of silence
 H - 2 scrolls of amnesia
 Q - 2 scrolls of identify
 U - a scroll of remove curse
Potions
 d - a potion of invisibility
 e - 6 potions of curing
 h - 2 potions of magic
 i - 2 potions of agility
 k - 5 potions of mutation
 n - 3 potions of resistance
 o - a potion of cure mutation
 r - 4 potions of flight
 u - 2 potions of brilliance
 v - 3 potions of heal wounds
 O - 8 potions of blood
Miscellaneous
 s - a legendary deck of war {drawn: 1}
 D - the horn of Geryon
 E - a plain deck of escape {drawn: 3}
 P - 2 phantom mirrors


   Skills:
 + Level 23.4 Fighting
 - Level 18.8 Short Blades
 - Level 19.4 Throwing
 + Level 13.9 Armour
 + Level 26.9 Dodging
 O Level 27 Stealth
 - Level 4.6 Shields
 - Level 19.9 Spellcasting
 - Level 23.6 Hexes
 - Level 15.8 Charms
 - Level 8.6 Translocations
 - Level 18.7 Earth Magic
 - Level 17.2 Invocations
 O Level 27 Evocations


You had 6 spell levels left.
You knew the following spells:

 Your Spells              Type           Power        Failure   Level  Hunger
a - Tukima's Dance        Hex            ######..     0%          3    None
b - Corona                Hex            ######.      0%          1    None
c - Dazzling Spray        Conj/Hex       #####.       1%          3    None
d - Invisibility          Hex            ######..     1%          6    ####...
e - Passage of Golubria   Tloc           N/A          1%          4    None
f - Apportation           Tloc           #####.....   1%          1    None
g - Spectral Weapon       Hex/Chrm       ######..     0%          3    None
h - Darkness              Hex            ######....   1%          6    ####...
i - Silence               Hex/Air        #####.....   1%          5    ##.....
j - Deflect Missiles      Chrm/Air       #####.....   17%         6    ####...
s - Fulminant Prism       Conj/Hex       #####.....   1%          4    None
v - Lee's Rapid Deconstr  Erth           ######....   1%          5    ##.....
x - Confuse               Hex            ######..     0%          3    None
z - Ensorcelled Hibernat  Hex/Ice        #####.       0%          2    None


Dungeon Overview and Level Annotations

Branches:
Dungeon (1/1)

Altars:
Cheibriados
Dithmenos
Elyvilon
Fedhas
Gozag
Hepliaklqana
Kikubaaqudgha
Makhleb
Nemelex Xobeh
Okawaru
Pakellas
Qazlal
Ru
Sif Muna
Trog
Ukayaw
Vehumet
Xom
Yredelemnul
Zin
The Shining One
Beogh
Jiyva
Lugonu

Shops:
D }[%?}%=(}![%[:(*(!(=?%=}

Annotations:
D exclusion: orange crystal statue


Innate Abilities, Weirdness & Mutations

You do not heal naturally.
You are immune to poison.
You have razor-sharp teeth.
You have supernaturally acute eyesight. (SInv)
You can survive without breathing.
Your body often deteriorates upon taking damage.
You sometimes yell uncontrollably at your foes.
Your spells are a little easier to cast, but a little less powerful.
You expend magic power (3 MP) to strengthen your wands.


Message History

THE SPHERE OF DAMNATION EXPLODES!
THE DAMNATION ENGULFS THE LARGE ABOMINATION.
YOU BLOW UP THE LARGE ABOMINATION!
DITHMENOS ACCEPTS YOUR KILL.
YOU FEEL THE STAFF FEEDING ON YOUR ENERGY!
YOU TAKE 10 DAMAGE, AND HAVE 146/186 HP.
YOU NOW HAVE 28/43 MP.
YOU HEAR A DISTANT "ZOT"!
YOU HEAR A DISTANT "ZOT"!
YOU HEAR A DISTANT "ZOT"!
THERE IS AN OPEN DOOR HERE.
QUAD DAMAGE IS WEARING OFF.
YOU HEAR A DISTANT "ZOT"!
You are no longer corroded.
There is an open door here.
You see here a slice of pizza.
There is an open door here.
There is a staircase leading out of the dungeon here.
You can't go down here!
You have escaped!

▓▓▓▓▓▓▓▓▓▓▓ ▓▓
▓@.#%.'...♣♣ ♣.
▓..#%.#....♣♣ ♣.
▓#'####.....♣♣ ♣♣.
▓.....#....≈.♣♣♣..
▓.....#...≈≈..♣.♣.
▓....%#..≈≈≈≈...♣.
▓####'#..≈≈≈≈≈≈♣..
▓(....#.≈≈≈≈≈≈....
▓.....#.≈≈≈≈≈.....


There were no monsters in sight!

Vanquished Creatures
  Antaeus (D)
  A pandemonium lord (D)
  the Royal Jelly (D)
  the Serpent of Hell (D)
  Gloorx Vloq (D)
  Dispater (D)
  Tiamat (D)
  Mara (D)
  An ancient lich (D)
  An orb of fire (D)
  Mennas (D)
  6 greater mummies (D)
  Boris (D)
  Norris (D)
  A Killer Klown (D)
  Geryon (D)
  Nikola (D)
  A bone dragon (D)
  An iron giant (D)
  Nellie (D)
  A Brimstone Fiend (D)
  5 Ice Fiends (D)
  Rupert (D)
  2 Orb Guardians (D)
  3 Hell Sentinels (D)
  A deep elf blademaster (D)
  A quicksilver dragon (D)
  A lich (D)
  2 titans (D)
  A deep elf master archer (D)
  Gastronok (D)
  Murray (D)
  Chuck (D)
  Polyphemus (D)
  6 acid blobs (D)
  An ancient champion (D)
  2 sphinxes (D)
  Dowan (D)
  An Executioner (D)
  2 storm dragons (D)
  Ilsuiw (D)
  Roxanne (D)
  3 shadow dragons (D)
  10 azure jellies (D)
  2 fire giants (D)
  A greater naga (D)
  A frost giant (D)
  Maud (D)
  2 draconian knights (D)
  3 ghost moths (D)
  An iron dragon (D)
  2 draconian zealots (D)
  A reaper (D)
  3 war gargoyles (D)
  5 stone giants (D)
  5 vampire knights (D)
  A draconian caller (D)
  A deep elf demonologist (D)
  2 dire elephants (D)
  Azrael (D)
  A yellow draconian (D)
  3 deep elf annihilators (D)
  A merfolk javelineer (D)
  A fire dragon (D)
  A deep elf death mage (D)
  Snorg (D)
  A green death (D)
  4 mummy priests (D)
  4 death oozes (D)
  6 yaktaur captains (D)
  17 vault guards (D)
  A deep elf high priest (D)
  A naga warrior (D)
  2 hydras (D)
  2 hell beasts (D)
  3 centaur warriors (D)
  9 anacondas (D)
  An ogre mage (D)
  4 dancing weapons (D)
  2 iron elementals (D)
  4 death yaks (D)
  3 orc high priests (D)
  A shock serpent (shapeshifter) (D)
  2 sun demons (D)
  An iron golem (D)
  2 soul eaters (D)
  3 deep elf knights (D)
  6 skeletal warriors (D)
  A shadow wraith (D)
  A spriggan druid (D)
  A cherub (D)
  2 anaconda zombies (D)
  2 spectral iron dragons (D)
  3 kraken simulacra (D)
  A giant orange brain (shapeshifter) (D)
  An unseen horror (D)
  An obsidian statue (D)
  A death drake (D)
  A sea snake (D)
  An orange crystal statue (D)
  A giant orange brain (D)
  A lindwurm (D)
  An anubis guard (shapeshifter) (D)
  5 deep elf magi (D)
  4 shining eyes (D)
  2 oklob plants (D)
  4 crystal guardians (D)
  2 orc knights (D)
  A hornet (D)
  4 ugly things (D)
  A moth of wrath (D)
  2 elephants (D)
  A molten gargoyle (D)
  An orange demon (D)
  A stone giant skeleton (D)
  3 rust devils (D)
  9 statues (D)
  A guardian serpent (D)
  An iron troll simulacrum (D)
  2 spiny frogs (D)
  3 black mambas (D)
  Duvessa (D)
  A rime drake (D)
  2 ice devils (D)
  A komodo dragon (D)
  8 yaktaurs (D)
  24 guardian mummies (D)
  3 wandering mushrooms (D)
  A queen bee (D)
  4 spriggan defenders (D)
  2 giant leeches (D)
  8 slime creatures (D)
  8 blink frogs (D)
  A slime creature (shapeshifter) (D)
  A redback (shapeshifter) (D)
  2 spriggans (D)
  3 redbacks (D)
  13 shadows (D)
  A golden eye (D)
  A spatial vortex (D)
  2 nagas (D)
  2 hydra simulacra (D)
  4 giant eyeballs (D)
  A large abomination (D)
  A swamp drake (D)
  2 orc warriors (D)
  5 water moccasins (D)
  A fire dragon simulacrum (D)
  2 wasps (D)
  A necrophage (D)
  A black mamba simulacrum (D)
  2 centaurs (D)
  An earth elemental (D)
  A water elemental (D)
  A killer bee (shapeshifter) (D)
  32 killer bees (D)
  3 electric eels (D)
  11 quasits (D)
  A jelly (D)
  4 orc priests (D)
  2 orc wizards (D)
  A wizard (D)
  8 necromancers (D)
  A polar bear simulacrum (D)
  A wolf simulacrum (D)
  A kobold demonologist (D)
  3 sheep (D)
  3 humans (D)
  A wolf (D)
  3 adders (D)
  2 oozes (D)
  An adder zombie (D)
  A ball lightning (D)
  9 orcs (D)
  A jackal (shapeshifter) (D)
  A giant gecko simulacrum (D)
  2 rats (D)
  4 ballistomycetes (D)
  3 butterflies (D)
  6 plants (D)
477 creatures vanquished.

Vanquished Creatures (collateral kills)
  2 acid blobs (D)
  An azure jelly (D)
3 creatures vanquished.

Vanquished Creatures (others)
  An azure jelly (D)
  2 draconian scorchers (D)
  A draconian shifter (D)
  A war gargoyle (D)
  Nessos (D)
  2 mummy priests (D)
  A skeletal warrior (D)
  3 yaktaurs (D)
  6 hellions (D)
  2 guardian mummies (D)
  3 ball lightnings (D)
  5 ballistomycetes (D)
  A bush (D)
  44 fulminant prisms (D)
  7 giant spores (D)
  43 plants (D)
123 creatures vanquished.

Grand Total: 603 creatures vanquished

Notes
Turn   | Place    | Note
--------------------------------------------------------------
     0 | D        | namelastname112 the Vampire Enchanter began the quest for the Orb.
     0 | D        | Reached XP level 1. HP: 13/13 MP: 3/3
    15 | D        | Reached skill level 1 in Fighting
    15 | D        | Reached skill level 5 in Stealth
    15 | D        | Reached skill level 5 in Hexes
    15 | D        | Reached XP level 2. HP: 9/21 MP: 5/5
    89 | D        | Killed a hellion
    90 | D        | Killed a hellion
   100 | D        | Killed a hellion
   101 | D        | Killed a hellion
   109 | D        | Killed a hellion
   125 | D        | Killed a hellion
   162 | D        | Learned a level 2 spell: Ensorcelled Hibernation
   173 | D        | Killed a white draconian scorcher
   214 | D        | Killed a white draconian scorcher
   215 | D        | Killed a yaktaur
   301 | D        | Reached XP level 3. HP: 16/27 MP: 4/7
   332 | D        | Learned a level 3 spell: Confuse
   473 | D        | Noticed a water elemental
   482 | D        | Killed a water elemental
   482 | D        | Reached XP level 4. HP: 24/34 MP: 7/9
   534 | D        | Found a hazy altar of Hepliaklqana.
   534 | D        | Found an iron altar of Okawaru.
   534 | D        | Found a bloodstained altar of Trog.
   534 | D        | Noticed a human
   535 | D        | Noticed a human
   537 | D        | Killed a human
   537 | D        | Reached skill level 5 in Short Blades
   537 | D        | Reached skill level 5 in Dodging
   537 | D        | Reached XP level 5. HP: 38/42 MP: 10/12
   538 | D        | Killed a human
   538 | D        | Reached skill level 5 in Spellcasting
   538 | D        | Reached XP level 6. HP: 45/50 MP: 11/14
   560 | D        | Learned a level 3 spell: Dazzling Spray
   564 | D        | Learned a level 3 spell: Tukima's Dance
   564 | D        | Found a glowing silver altar of Zin.
   564 | D        | Found a glowing golden altar of the Shining One.
   564 | D        | Found a white marble altar of Elyvilon.
   565 | D        | crauler: Лол
   565 | D        | Noticed a deep elf mage
   567 | D        | Killed a deep elf mage
   567 | D        | Reached skill level 5 in Fighting
   567 | D        | Reached skill level 10 in Hexes
   567 | D        | Reached XP level 7. HP: 57/57 MP: 14/16
   570 | D        | crauler: спринт
   577 | D        | Found a hide-covered altar to Ukayaw.
   577 | D        | Found a radiant altar of Vehumet.
   577 | D        | Found a deep blue altar of Sif Muna.
   577 | D        | Found an ancient bone altar of Kikubaaqudgha.
   579 | D        | jacquesderrida: ЧЕ
   580 | D        | crauler: берем сприггана
   586 | D        | crauler: хепла
   590 | D        | jacquesderrida: ГАМНО
   590 | D        | namelastname112: БУРГЛАРИ
   590 | D        | crauler: и убиваем духа до посинения
   590 | D        | namelastname112: АААААААААААА
   597 | D        | Learned a level 6 spell: Invisibility
   607 | D        | Found a basalt altar of Yredelemnul.
   607 | D        | Found a snail-covered altar of Cheibriados.
   607 | D        | Found a blossoming altar of Fedhas.
   609 | D        | crauler: монстры не респятся
   621 | D        | Noticed a shadow
   622 | D        | crauler: рано или поздно дух забьет, лол
   631 | D        | Killed a shadow
   631 | D        | Reached XP level 8. HP: 56/65 MP: 9/18
   640 | D        | Found an oddly glowing altar of Pakellas.
   640 | D        | Found a stormy altar of Qazlal.
   640 | D        | Found a sacrificial altar of Ru.
   640 | D        | Found a burning altar of Makhleb.
   640 | D        | Found a shimmering altar of Xom.
   641 | D        | Found a viscous altar of Jiyva.
   641 | D        | Found a shadowy altar of Dithmenos.
   641 | D        | Found a sparkling altar of Nemelex Xobeh.
   641 | D        | Found a corrupted altar of Lugonu.
   641 | D        | Found an opulent altar of Gozag.
   771 | D        | jacquesderrida: И НАХ
   810 | D        | Killed a yaktaur
   885 | D        | jacquesderrida: БЕРЕШЬ ДИП ЭЛЬФА И ХУЯРИШ ФАЕРБОЛАМ
   885 | D        | Became a worshipper of Dithmenos the Shadowed
   929 | D        | jacquesderrida: БИРЕШ*
   957 | D        | Noticed Snorg
   961 | D        | crauler: а если добегут?
   962 | D        | jacquesderrida: SNERN
   966 | D        | jacquesderrida: NI DABIGOOT
   973 | D        | Killed Snorg
   973 | D        | Reached XP level 9. HP: 72/72 MP: 11/21
  1322 | D        | Noticed an orc knight
  1323 | D        | crauler: INSCRIBED HIDE
  1326 | D        | Noticed an orc knight
  1326 | D        | crauler: TROPHY
  1334 | D        | jacquesderrida: EBAT PACANY +26 CALCIUM
  1338 | D        | Reached * piety under Dithmenos
  1340 | D        | Killed an orc knight
  1341 | D        | jacquesderrida: CHET ZHARKO NAHOI
  1344 | D        | Killed an orc knight
  1344 | D        | Reached skill level 10 in Short Blades
  1344 | D        | Reached skill level 10 in Dodging
  1345 | D        | Reached ** piety under Dithmenos
  1370 | D        | Reached *** piety under Dithmenos
  1421 | D        | Gained mutation: You expend magic power (3 MP) to strengthen your wands. [mutagenic glow]
  1626 | D        | Noticed an orc high priest
  1636 | D        | Killed an orc high priest
  1643 | D        | Reached **** piety under Dithmenos
  1655 | D        | Found a roughly hewn altar of Beogh.
  1655 | D        | Found Enlof's Magic Scroll Emporium.
  1679 | D        | crauler: ??tukima
  1680 | D        | beem: tukima's dance[1/3]: A level 3 Hexes spell that animates the (melee) weapon of the targeted creature, creating a {dancing weapon}, and causes it to attack its former owner exclusively, {Haunt}-style. Checks MR, but has a boost to success rate relative to other hexes.
  1711 | D        | Bought a scroll of remove curse for 36 gold pieces
  1711 | D        | Bought a scroll of identify for 24 gold pieces
  1936 | D        | Noticed a centaur warrior
  1943 | D        | Killed a centaur warrior
  1943 | D        | Reached skill level 15 in Stealth
  1943 | D        | Reached XP level 10. HP: 82/82 MP: 16/23
  1945 | D        | Reached ***** piety under Dithmenos
  1967 | D        | Learned a level 4 spell: Passage of Golubria
  2083 | D        | Noticed an unseen horror
  2095 | D        | Killed an unseen horror
  2095 | D        | Reached skill level 1 in Translocations
  2127 | D        | crauler: NOT THE BEES
  2133 | D        | Reached ****** piety under Dithmenos
  2706 | D        | Noticed Dowan
  2706 | D        | Noticed Duvessa
  2714 | D        | Killed Duvessa
  2724 | D        | Killed Dowan
  2724 | D        | Reached skill level 10 in Fighting
  2724 | D        | Reached skill level 10 in Spellcasting
  2724 | D        | Reached skill level 15 in Hexes
  2724 | D        | Reached skill level 5 in Translocations
  2724 | D        | Reached XP level 11. HP: 90/90 MP: 12/25
  2727 | D        | crauler: какаято охуевшая дювесса
  2729 | D        | crauler: с грейтсвордом
  2731 | D        | namelastname112: да и дован тоже
  2731 | D        | namelastname112: с морнингом дисто
  2825 | D        | Noticed a yaktaur captain
  2833 | D        | Noticed a skeletal warrior
  2835 | D        | Killed a skeletal warrior
  2868 | D        | Noticed an orange crystal statue
  2919 | D        | crauler: стань мышью
  2942 | D        | crauler: законфузь яка
  3094 | D        | crauler: @??yaktaur captain
  3094 | D        | beem: yaktaur captain (c)
                  | Spd:
    10 | HD: 14   | HP: 63-92
                  | AC/EV: 5/4
                  | Dam: 30
                  | weapons, items, doors, fighter, archer
                  | Res: magic(60)
                  | XP:
  1035 | Sz: Big  | Int: human.
  3094 | D        | namelastname112: кастовать нельзя вроде
  3094 | D        | namelastname112: в мыши
  3094 | D        | crauler: проверь
  3094 | D        | namelastname112: ??bat form
  3094 | D        | beem: bat form[1/2]: An ability you get as a vampire at xl3, only usable when satiated or lower. Grants 6 aut movement and gives a bonus to EV and Dex but lowers str by 5. No spellcasting, doors, potions, evocations, or rings. You can still wear amulets.
  3106 | D        | crauler: печаль
  3295 | D        | Noticed a lindwurm
  3298 | D        | Killed a lindwurm
  3308 | D        | Noticed Maud
  3310 | D        | Killed Maud
  3315 | D        | crauler: как насчет ЭЕМЕРДЖЕНСИ ФЛАЙТ?
  3315 | D        | Noticed a six-headed hydra
  3315 | D        | Noticed a five-headed hydra
  3317 | D        | Killed a six-headed hydra
  3318 | D        | Killed a five-headed hydra
  3327 | D        | Found a blossoming altar of Fedhas.
  3327 | D        | Noticed a spriggan druid
  3327 | D        | Noticed a death drake
  3334 | D        | Killed a spriggan druid
  3334 | D        | Reached XP level 12. HP: 100/100 MP: 21/27
  3341 | D        | crauler: поехали
  3341 | D        | crauler: заводи машину
  3341 | D        | namelastname112: охуевшие сприганы
  3341 | D        | crauler: хотя тров -2
  3350 | D        | Reached skill level 1 in Throwing
  3356 | D        | Noticed Polyphemus
  3628 | D        | crauler: @??polyphemus
  3629 | D        | beem: Polyphemus (C)
                  | Spd:
    10 | HD: 16   | HP: 123-180
                  | AC/EV: 10/3
                  | Dam: 45, 30
                  | items, doors
                  | Res: magic(60), drown
                  | XP: 2288
                  | Sp: throw ally [!AM, !sil]
                  | Sz: Giant
                  | Int: human.
  3635 | D        | crauler: invis
  3637 | D        | Noticed Ilsuiw
  3644 | D        | Killed Polyphemus
  3650 | D        | Found Oroduohahi's Food Emporium.
  3650 | D        | Found Aphik's Jewellery Shop.
  3658 | D        | Found Toidan's Antique Weapon Shoppe.
  3659 | D        | Noticed a merfolk javelineer
  3662 | D        | Killed a merfolk javelineer
  3679 | D        | Killed Ilsuiw
  3717 | D        | Got a barnacled rune of Zot
  3809 | D        | Reached skill level 5 in Throwing
  3827 | D        | Noticed Rupert
  3938 | D        | Paralysed by Rupert for 2 turns
  3945 | D        | Killed Rupert
  3946 | D        | crauler: 15%
  3947 | D        | crauler: pure skill
  3954 | D        | Noticed a dire elephant
  3954 | D        | Noticed a dire elephant
  3954 | D        | Noticed Gastronok
  3960 | D        | Killed a dire elephant
  3962 | D        | Killed Gastronok
  3962 | D        | Reached XP level 13. HP: 108/108 MP: 16/29
  3963 | D        | Killed a dire elephant
  3985 | D        | Noticed an azure jelly
  3985 | D        | Noticed an azure jelly
  3985 | D        | Noticed an azure jelly
  3986 | D        | Noticed an azure jelly
  4068 | D        | crauler: да юзай ты шадоустеп
  4080 | D        | Reached skill level 15 in Dodging
  4095 | D        | Reached skill level 15 in Short Blades
  4382 | D        | jacquesderrida: che skazal
  4610 | D        | crauler: дампани
  4686 | D        | Noticed a greater naga
  4688 | D        | Found Suuwun's Gadget Boutique.
  4688 | D        | Found Fiynt's Antique Armour Emporium.
  4690 | D        | Found Udisoh Tamn's Food Shop.
  4695 | D        | Killed a greater naga
  4696 | D        | Reached skill level 10 in Throwing
  4701 | D        | Bought a pair of boots for 103 gold pieces
  4701 | D        | Bought a cloak for 103 gold pieces
  4701 | D        | jacquesderrida: EBAT
  4713 | D        | Bought an emerald-studded ring mail for 207 gold pieces
  4723 | D        | Identified the cursed +1 ring mail "Ebalegiw" {rPois rN+ MP-9} (You bought it in a shop in the Dungeon)
  4724 | D        | jacquesderrida: EBALEGIW
  4726 | D        | jacquesderrida: NAMIR
  4731 | D        | jacquesderrida: TVOI ARMER EBAL
  4855 | D        | Bought a scroll of remove curse for 36 gold pieces
  4911 | D        | Noticed a deep elf demonologist
  4917 | D        | Noticed a deep elf annihilator
  4922 | D        | Noticed a deep elf annihilator
  5064 | D        | Got a serpentine rune of Zot
  5209 | D        | crauler: @??azure jelly
  5209 | D        | beem: azure jelly (J)
                  | Spd:
    12 | HD: 15   | HP: 66-95
                  | AC/EV: 5/10
                  | Dam: 12(cold:15-44), 12(cold:15-44), 12, 12
                  | eats items, see invisible, unbreathing
                  | Res: magic(80), cold, elec, poison, acid+++, blind, drown
                  | Vul: fire
                  | XP:
  1889 | Sz: small | Int: brainless.
  5212 | D        | Noticed a deep elf annihilator
  5328 | D        | Killed a deep elf demonologist
  5329 | D        | Noticed a deep elf death mage
  5361 | D        | Noticed a deep elf master archer
  5656 | D        | crauler: когданибудь
  5979 | D        | crauler: я найду плеть и забью ею антея
  6268 | D        | Killed a deep elf annihilator
  6268 | D        | Reached XP level 14. HP: 118/118 MP: 16/31
  6914 | D        | Killed a deep elf master archer
  6939 | D        | Got a clouded lapis lazuli ring
  6942 | D        | Identified Odenir Meni's Handbook of Gliding Enhancements
  6966 | D        | Identified the ring "Wenunacza" {+Fly rF+} (You found it in the Dungeon)
  7618 | D        | Noticed Azrael
  7621 | D        | Killed Azrael
  7804 | D        | namelastname112: смешно
  7808 | D        | crauler: лол
  7819 | D        | crauler: 22 сука лвл
  7826 | D        | crauler: кост 8.2
  7874 | D        | crauler: охохо
  7879 | D        | crauler: еще и точеный
  8011 | D        | Noticed Chuck
  8025 | D        | namelastname112: у него кепка
  8025 | D        | namelastname112: лол
  8025 | D        | namelastname112: @??chuck
  8025 | D        | beem: Chuck (C)
                  | Spd:
    10 | HD: 18   | HP: 94-137
                  | AC/EV: 14/2
                  | Dam: 45
                  | items, doors
                  | Res: magic(100), drown
                  | XP:
  2154 | Sz: Giant | Int: human.
  8025 | D        | crauler: инвиз и пизди спреем
  8025 | D        | namelastname112: ??chuck
  8025 | D        | beem: chuck[1/1]: A sprint-specific unique stone giant. Collects rocks, comes with a rock of returning.
  8025 | D        | namelastname112: >large rock of returning
  8032 | D        | Killed Chuck
  8055 | D        | crauler: ммм
  8238 | D        | Noticed Norris
  8240 | D        | Killed Norris
  8408 | D        | Noticed a lich
  8411 | D        | Killed a lich
  8421 | D        | Noticed a shadow dragon
  8424 | D        | Noticed a shadow dragon
  8452 | D        | Killed a shadow dragon
  8508 | D        | Killed a shadow dragon
  8701 | D        | namelastname112: пиздец
  8701 | D        | namelastname112: куда идти-то
  8703 | D        | Learned a level 1 spell: Apportation
  8707 | D        | Learned a level 3 spell: Spectral Weapon
  8714 | D        | Learned a level 6 spell: Darkness
  8727 | D        | Noticed a fire giant
  8727 | D        | Noticed a stone giant
  8727 | D        | Noticed a titan
  8727 | D        | Noticed a quicksilver dragon
  8727 | D        | Noticed a titan
  8727 | D        | Noticed a shadow dragon
  8727 | D        | Noticed a stone giant
  8728 | D        | crauler: лол
  8728 | D        | crauler: ты ошибся дверью
  8728 | D        | namelastname112: блять
  8728 | D        | namelastname112: вот
  8728 | D        | namelastname112: да
  8728 | D        | crauler: клуб стабберов два блока вниз
  8728 | D        | namelastname112: не туда зашел явно
  8728 | D        | namelastname112: ебать тЫЫЫЫЫЫЫЫЫЫ
  8730 | D        | Noticed a stone giant
  8809 | D        | crauler: только выебут похоже тебя, лол
  8815 | D        | Reached XP level 15. HP: 127/127 MP: 30/33
  8826 | D        | Reached skill level 15 in Spellcasting
  8963 | D        | crauler: учи призму еби статуи
  8971 | D        | Killed a shadow dragon
  8971 | D        | Reached skill level 15 in Fighting
  8973 | D        | jacquesderrida: hehehehheehe
  8985 | D        | jacquesderrida: KURARA
  8991 | D        | Killed a fire giant
  9028 | D        | namelastname112: я ща лрд выучу бля
  9159 | D        | Learned a level 4 spell: Fulminant Prism
  9188 | D        | crauler: шакал тут как оказался
  9196 | D        | namelastname112: шифтер
  9196 | D        | namelastname112: вангую
  9216 | D        | Killed a titan
  9455 | D        | Killed a quicksilver dragon
  9455 | D        | Reached skill level 15 in Throwing
  9472 | D        | crauler: покажи стоимость стелса
  9474 | D        | crauler: 27ого
  9474 | D        | crauler: лол
  9489 | D        | crauler: еле еле перевалила за 10
  9733 | D        | Killed a titan
  9875 | D        | namelastname112: сука
  9875 | D        | namelastname112: как тут вообще выживать
  9875 | D        | namelastname112: кем-то другим
  9958 | D        | crauler: хлеб трог
  9965 | D        | crauler: дубина потолще
 10006 | D        | crauler: я не помню где там магазины первые
 10017 | D        | crauler: в зависимости от этого и магом норм
 10278 | D        | Reached skill level 1 in Shields
 10310 | D        | Got a silver rune of Zot
 10312 | D        | namelastname112: выучить оод
 10421 | D        | Reached skill level 27 in Stealth
 10653 | D        | Learned a level 5 spell: Silence
 10666 | D        | Reached skill level 1 in Charms
 10672 | D        | Noticed a bone dragon
 10693 | D        | Killed a bone dragon
 10699 | D        | namelastname112: у
 10699 | D        | namelastname112: вот куда зайти надо
 11122 | D        | Reached XP level 16. HP: 122/138 MP: 33/36
 11141 | D        | crauler: арбалет хаоса
 11174 | D        | crauler: нормально
 11175 | D        | namelastname112: нихуя себе приколы блять
 11204 | D        | Killed Nessos
 11226 | D        | jacquesderrida: ЕБАТЬ МОГАЗЫ
 11228 | D        | jacquesderrida: СМАРИ НАМИР!!!!!!!!!!!
 11369 | D        | crauler: ты быстр как пуля
 11382 | D        | Reached skill level 5 in Charms
 11492 | D        | jacquesderrida: EBAT
 11501 | D        | jacquesderrida: CRESTALERY
 11508 | D        | jacquesderrida: SHA EBNET
 11534 | D        | crauler: @??crystal guardian
 11534 | D        | beem: crystal guardian (8)
                  | Spd:
    10 | HD: 16   | HP: 54-75
                  | AC/EV: 22/0
                  | Dam: 35
                  | non-living, doors, see invisible, unbreathing
                  | Res: magic(immune), fire+++, cold+++, elec+++, poison+++, drown, rot+++, neg+++, torm
                  | XP: 1110
                  | Sp: b.crystal (3d25) [!sil]
                  | Sz: Large
                  | Int: brainless.
 11536 | D        | crauler: hd 16
 11538 | D        | crauler: spray?
 11554 | D        | jacquesderrida: NET
 11557 | D        | jacquesderrida: ??spray
 11557 | D        | beem: dazzling spray[1/2]: Level 3 conjuration/hexes. Fires a spray of energy at up to 3 targets in the same general direction which deal some damage and can temporarly blind creatures which are neither nonliving nor undead if they fail an HD-based save. To-hit: 9+power/7.
 11641 | D        | jacquesderrida: nonliving
 11686 | D        | jacquesderrida: ON CHE LIVING
 11803 | D        | jacquesderrida: NE!!
 11819 | D        | jacquesderrida: CHE
 11869 | D        | jacquesderrida: EBANI RYADOM
 11870 | D        | crauler: >NE
 11919 | D        | jacquesderrida: NU
 11942 | D        | jacquesderrida: TY CHE KRALER TY CHE
 11952 | D        | Found Tatwohom's Distillery.
 11952 | D        | Found Parocw's Jewellery Shop.
 11952 | D        | Found Anopn's Assorted Antiques.
 11952 | D        | Found Azea's Gadget Shoppe.
 11952 | D        | Found Ytumurpho's Antique Weapon Boutique.
 11952 | D        | Found Oreemias's Antique Weapon Emporium.
 11952 | D        | Found Xueseyma's Weapon Shoppe.
 11952 | D        | Found Ukuc's Jewellery Shop.
 11952 | D        | Found Rediomui's Book Shop.
 11952 | D        | Found Zapnam's Food Emporium.
 11952 | D        | Found Watigekk's Antique Armour Emporium.
 11952 | D        | Found Ytuproec's Magic Scroll Boutique.
 11965 | D        | jacquesderrida: EBATTTTTTTTTTTTT
 11991 | D        | jacquesderrida: WEPINY
 11991 | D        | jacquesderrida: GAMNO
 11994 | D        | Bought a faintly glowing tin ring for 85 gold pieces
 11995 | D        | Identified the ring of Benevolence {rCorr MR+ Dex+5 Stlth-} (You bought it in a shop in the Dungeon)
 12060 | D        | namelastname112: блять
 12060 | D        | namelastname112: я ща рили лрд выучу
 12179 | D        | Learned a level 5 spell: Lee's Rapid Deconstruction
 12230 | D        | Bought a glowing blowgun for 67 gold pieces
 12231 | D        | crauler: NE UCHI
 12232 | D        | crauler: PODUMOY
 12236 | D        | Bought a scroll of identify for 20 gold pieces
 12236 | D        | Bought a scroll of enchant weapon for 75 gold pieces
 12236 | D        | Bought a scroll of identify for 20 gold pieces
 12246 | D        | Reached skill level 1 in Earth Magic
 12315 | D        | crauler: neeet
 12316 | D        | Bought a potion of heal wounds for 50 gold pieces
 12317 | D        | Bought a scroll labeled VAOTYPPISA for 17 gold pieces
 12443 | D        | crauler: you were supposed to be the stabber, not conjurer!
 12497 | D        | jacquesderrida: WHAT STABIR
 12631 | D        | jacquesderrida: HAI
 12631 | D        | Noticed a sphinx
 12631 | D        | Noticed a sphinx
 12637 | D        | jacquesderrida: HELO CRALER
 12649 | D        | Killed a sphinx
 12649 | D        | Reached skill level 1 in Invocations
 12670 | D        | Killed a sphinx
 12715 | D        | Gained mutation: Your body sometimes deteriorates upon taking damage. [mutagenic glow]
 12964 | D        | crauler: slime pits?
 12989 | D        | crauler: ебать
 13032 | D        | crauler: когда я последний раз видел статуи
 13032 | D        | namelastname112: смотрю не зря выучил
 13099 | D        | crauler: охренеть можно
 13282 | D        | Reached skill level 5 in Earth Magic
 13460 | D        | Noticed Boris
 13468 | D        | crauler: борис моисеев
 13479 | D        | Killed Boris
 13479 | D        | Reached skill level 5 in Invocations
 13481 | D        | Noticed Mennas
 13506 | D        | Killed Mennas
 13574 | D        | namelastname112: пиздец сука
 13574 | D        | namelastname112: борис, меннас
 13574 | D        | namelastname112: ебал я в рот такие двери
 13827 | D        | crauler: я просто напомню про лайнспринт
 13830 | D        | crauler: с 4 четырьмя уник лордами в ряд
 13913 | D        | namelastname112: ну
 13913 | D        | crauler: лол, а у дракона снова тайл хумана
 13913 | D        | namelastname112: лайнспринт изи
 13913 | D        | namelastname112: если ты стуббер
 14140 | D        | namelastname112: хули мне со спектралом делать
 14140 | D        | crauler: чем он для стаббера изи?
 14189 | D        | namelastname112: лол
 14189 | D        | crauler: скорее он для стрелка с пенетрой
 14189 | D        | namelastname112: там просто ходишь и стабаешь все
 14189 | D        | namelastname112: ну бля
 14189 | D        | crauler: ??spectral
 14189 | D        | namelastname112: ты найди там пенетру
 14189 | D        | beem: zombie[2/2]: All derived undead are -2 speed except for spectral things, which are normal speed (min 3). Zombies are AC/EV -2/-5, d5+5 hit die; skeletons -6/-7, d4+4; simulacra -2/-5, d4, AF_COLD; spectral things +2/-5, d4+3, AF_DRAIN.
 14189 | D        | namelastname112: о
 14189 | D        | namelastname112: точно
 14189 | D        | namelastname112: ты мне идею подал
 14191 | D        | crauler: диспел?
 14630 | D        | namelastname112: не завезли
 14639 | D        | Noticed Mara
 14644 | D        | crauler: вообще он не регенится, рано или поздно забил бы
 14644 | D        | namelastname112: регенится
 14644 | D        | namelastname112: алсо мара
 14652 | D        | crauler: разве? дерайвд андед
 14657 | D        | Killed Mara
 14660 | D        | Reached skill level 10 in Earth Magic
 14699 | D        | Noticed Nikola
 14704 | D        | Noticed a storm dragon
 14708 | D        | Found Enaisapu's Distillery.
 14709 | D        | Found Yray's Food Shoppe.
 14709 | D        | Found Iliqekh's Gadget Emporium.
 14710 | D        | crauler: лол
 14714 | D        | Found Jaxer's Armour Shop.
 14714 | D        | Noticed Roxanne
 14715 | D        | crauler: там электричества накидали походу
 14745 | D        | crauler: николай шторм
 14757 | D        | crauler: змеи наверное
 14777 | D        | namelastname112: змеи были
 14780 | D        | namelastname112: @??pristine statue
 14780 | D        | beem: pristine statue (8)
                  | Spd: 10 (stationary)
                  | HD:
     8 | HP: 100  | AC/EV: 12/1
                  | Dam: 20
                  | non-living, items, doors, master archer, unbreathing, vault
                  | Res: magic(immune), fire++, cold++, elec, poison+++, drown, rot+++, neg+++, torm
                  | XP:
   748 | Sz: Large | Int: human.
 14780 | D        | crauler: хм
 14782 | D        | crauler: есть же статуя арчера
 14794 | D        | Reached skill level 10 in Charms
 14800 | D        | namelastname112: а эти с арбалетами
 15086 | D        | crauler: разве арбалеты?
 15107 | D        | crauler: а ну да
 15130 | D        | crauler: показалось что было написано стрелы
 15138 | D        | Reached skill level 10 in Invocations
 15155 | D        | crauler: сколько у тебя земли?
 15164 | D        | namelastname112: 11
 15170 | D        | crauler: ну все равно маловато для таких мобов
 15246 | D        | crauler: просто поражаюсь что еще и убивает
 15248 | D        | Killed Roxanne
 15249 | D        | crauler: не смотря ни на что
 15259 | D        | Identified Roxanne's Grimoire of Clay (You took it off Roxanne in the Dungeon)
 15360 | D        | Found Ferevvedgh's Gadget Boutique.
 15369 | D        | namelastname112: QUAD DAMAGE
 15369 | D        | crauler: стенки неразрушимые?
 15369 | D        | namelastname112: ну у меня лрд
 15369 | D        | namelastname112: хехе
 15371 | D        | crauler: удачно ты его выучил
 15418 | D        | namelastname112: ??quad damage
 15418 | D        | beem: QUAD DAMAGE[1/6]: QUAD DAMAGE! (as in proper Quakes, i.e., any but Q3 and QLive)
 15418 | D        | namelastname112: ??quad damage [2
 15418 | D        | beem: QUAD DAMAGE[2/6]: !lm syllogism sprint uniq=antaeus turn=30902 -tv
 15418 | D        | namelastname112: ??quad damage [3
 15418 | D        | beem: QUAD DAMAGE[3/6]: THE RAT TWITCHES ITS WHISKERS.
 15418 | D        | namelastname112: ??quad damage [4
 15418 | D        | beem: QUAD DAMAGE[4/6]: Due to reckless vandalism by last year's graduating class, the quad will remain closed until further notice.
 15418 | D        | namelastname112: ??quad damage [5
 15418 | D        | beem: QUAD DAMAGE[5/6]: < Chapayev> quad damage (lowercase) divides your damage by 4 instead of multiplying it by 4
 15418 | D        | namelastname112: ??quad damage [6
 15418 | D        | beem: QUAD DAMAGE[6/6]: !lm HangedMan sprint 155 -tv:<3.5:>0.5:x2
 15424 | D        | Noticed an Executioner
 15430 | D        | Killed an Executioner
 15454 | D        | Reached XP level 17. HP: 143/149 MP: 38/38
 15465 | D        | Noticed a deep elf blademaster
 15503 | D        | crauler: >as in proper quakes, i.e. any but q3 and qlive
 15513 | D        | crauler: you fucking what
 15530 | D        | Gained mutation: You occasionally shout uncontrollably at your foes. [mutagenic glow]
 15634 | D        | Gained mutation: You tend to lose your temper in combat. [mutagenic glow]
 15856 | D        | crauler: крови нет?
 15862 | D        | crauler: приплыл
 15862 | D        | namelastname112: неа
 15862 | D        | namelastname112: так бы попил
 15869 | D        | Killed a deep elf blademaster
 16151 | D        | Got a spiked leather armour
 16152 | D        | Identified the +1 leather armour of Dawn {rPois Str+6 Stlth+} (You found it in the Dungeon)
 16197 | D        | Killed Nikola
 16231 | D        | namelastname112: бля
 16231 | D        | crauler: you feel a shout rip itself from your throat
 16231 | D        | crauler: shoutitis?
 16231 | D        | namelastname112: пиздец этот спринт дрочево
 16231 | D        | Lost mutation: You expend magic power (3 MP) to strengthen your wands. [potion of cure mutation]
 16231 | D        | Lost mutation: Your body sometimes deteriorates upon taking damage. [potion of cure mutation]
 16231 | D        | Lost mutation: You tend to lose your temper in combat. [potion of cure mutation]
 16231 | D        | Lost mutation: You occasionally shout uncontrollably at your foes. [potion of cure mutation]
 16267 | D        | namelastname112: мммм
 16267 | D        | namelastname112: сеточки
 16267 | D        | namelastname112: охуенчик
 16276 | D        | crauler: да норм
 16284 | D        | crauler: че тебе надо
 16297 | D        | crauler: лрд есть
 16304 | D        | crauler: квад лежит
 16310 | D        | crauler: сетки иглы
 16425 | D        | Noticed the Serpent of Hell
 16428 | D        | namelastname112: ммм
 16428 | D        | namelastname112: некоторые двери
 16428 | D        | namelastname112: должны оставаться закрытыми
 16437 | D        | Noticed Geryon
 16440 | D        | crauler: лол
 16441 | D        | namelastname112: ммм
 16441 | D        | namelastname112: неловко
 16441 | D        | crauler: ты почти смог
 16445 | D        | Killed Geryon
 16481 | D        | Noticed a greater mummy
 16481 | D        | Noticed a greater mummy
 16484 | D        | crauler: тартар
 16486 | D        | Noticed Gloorx Vloq
 16488 | D        | crauler: а не
 16488 | D        | crauler: пан
 16488 | D        | namelastname112: сука
 16488 | D        | xeno23: глорс
 16488 | D        | xeno23: ммм
 16488 | D        | namelastname112: я ебал такие двери блять
 16496 | D        | Noticed an iron giant
 16497 | D        | crauler: блядь а ты че ожидал
 16497 | D        | crauler: ЛОЛ
 16498 | D        | Killed an iron giant
 16506 | D        | Reached skill level 15 in Earth Magic
 16515 | D        | crauler: может быть ты еще хочешь чтобы оофов в спринте не было?
 16563 | D        | namelastname112: че за дела
 16563 | D        | namelastname112: с дымом
 16836 | D        | crauler: слаймы почистить не хочешь?
 16846 | D        | namelastname112: мне там очко почистять наверное
 17576 | D        | crauler: @??iron dragon
 17576 | D        | beem: iron dragon (D)
                  | Spd:
     8 | HD: 18   | HP: 99-135
                  | AC/EV: 20/6
                  | Dam: 25, 25(claw), 25(trample)
                  | see invisible, unbreathing
                  | Res: magic(160), fire, cold, poison, drown
                  | XP: 1722
                  | Sp: metal splinters (3d30) [!AM, !sil, breath]
                  | Sz: Giant
                  | Int: animal.
 18004 | D        | Noticed a greater mummy
 18005 | D        | Killed Gloorx Vloq
 18008 | D        | Killed a greater mummy
 18008 | D        | Reached skill level 15 in Invocations
 18111 | D        | Noticed a greater mummy
 18113 | D        | Killed a greater mummy
 18127 | D        | Killed a greater mummy
 18131 | D        | Killed a greater mummy
 18131 | D        | Reached XP level 18. HP: 160/160 MP: 41/41
 18140 | D        | Reached skill level 15 in Charms
 18285 | D        | Noticed a Hell Sentinel
 18294 | D        | Killed a Hell Sentinel
 18432 | D        | crauler: зарядил так зарядил
 18447 | D        | namelastname112: вот да
 18447 | D        | namelastname112: аааа
 18447 | D        | namelastname112: залагало
 18447 | D        | namelastname112: ща рефрешну
 18447 | D        | Got a steaming cloak
 18458 | D        | Identified the +0 cloak "Qyupna Irysm" {rC+ Int+2} (You found it in the Dungeon)
 18572 | D        | Noticed a Hell Sentinel
 18572 | D        | Noticed Dispater
 18573 | D        | Noticed a Hell Sentinel
 18575 | D        | Killed a Hell Sentinel
 18583 | D        | Killed a Hell Sentinel
 18587 | D        | Killed Dispater
 18596 | D        | Identified the Catalogue of Invincibility
 18598 | D        | Got an iron rune of Zot
 18621 | D        | crauler: нахуй визардрий
 18686 | D        | crauler: было бы где пити для хлеба набить
 18696 | D        | crauler: или того же кику
 18703 | D        | Learned a level 6 spell: Deflect Missiles
 18703 | D        | namelastname112: лол
 18703 | D        | namelastname112: да тут пити же того
 18703 | D        | namelastname112: быстрее идет
 18709 | D        | crauler: ну да, но все равно немного осталось народу
 18718 | D        | Noticed an Ice Fiend
 18720 | D        | Killed an Ice Fiend
 18720 | D        | Reached skill level 5 in Evocations
 18737 | D        | Noticed an Ice Fiend
 18739 | D        | Killed an Ice Fiend
 19621 | D        | Noticed an Ice Fiend
 19623 | D        | Killed an Ice Fiend
 19623 | D        | Reached skill level 10 in Evocations
 19650 | D        | Noticed an Ice Fiend
 19652 | D        | Killed an Ice Fiend
 19657 | D        | Noticed Antaeus
 19668 | D        | Killed Antaeus
 19670 | D        | Got an icy rune of Zot
 19954 | D        | Noticed an Ice Fiend
 19956 | D        | Killed an Ice Fiend
 19971 | D        | namelastname112: пиздец сука
 19971 | D        | crauler: давай
 19971 | D        | namelastname112: эти комнатки блять
 19971 | D        | crauler: почти сделал
 19973 | D        | Noticed a Brimstone Fiend
 19974 | D        | Killed the Serpent of Hell
 19975 | D        | Killed a Brimstone Fiend
 19993 | D        | Got an obsidian rune of Zot
 20103 | D        | namelastname112: попить бы кого
 20119 | D        | crauler: в "зот" иди
 20246 | D        | Noticed a Killer Klown
 20248 | D        | Killed a Killer Klown
 20688 | D        | Noticed an Orb Guardian
 20689 | D        | Noticed an Orb Guardian
 20691 | D        | crauler: э
 20693 | D        | crauler: куда
 20699 | D        | crauler: чисти чисти
 20700 | D        | Killed an Orb Guardian
 20956 | D        | namelastname112: чу куда
 20956 | D        | namelastname112: че куда
 20984 | D        | crauler: крипт шадоу пан
 20988 | D        | crauler: слаймы
 21030 | D        | namelastname112: ммм
 21030 | D        | namelastname112: как бы статую ебнуть
 21030 | D        | namelastname112: лрд низя
 21030 | D        | namelastname112: там все проснутся
 21033 | D        | crauler: пробежать?
 21036 | D        | xeno23: инвиз и стабни
 21040 | D        | crauler: ох бля
 21056 | D        | crauler: внезапно моль
 21060 | D        | Noticed a greater mummy
 21060 | D        | Noticed Murray
 21060 | D        | Noticed a greater mummy
 21061 | D        | Reached XP level 19. HP: 168/168 MP: 42/42
 21068 | D        | Killed Murray
 21072 | D        | Killed a greater mummy
 21080 | D        | Killed a greater mummy
 21104 | D        | Got a bone rune of Zot
 21158 | D        | namelastname112: три руны осталось
 21517 | D        | crauler: прям дварф
 21534 | D        | crauler: зелья да палки
 21537 | D        | namelastname112: >the walls burn you
 21537 | D        | namelastname112: ну и суки
 21542 | D        | crauler: подлечится не хочешь?
 21542 | D        | xeno23: рояль то есть тут?
 21544 | D        | Found a viscous altar of Jiyva.
 21544 | D        | Noticed the Royal Jelly
 21556 | D        | crauler: степ сука
 21566 | D        | namelastname112: ммм
 21566 | D        | namelastname112: степнусь
 21566 | D        | namelastname112: блинка нет
 21566 | D        | namelastname112: хммм
 21566 | D        | xeno23: ну майт
 21566 | D        | xeno23: хаст
 21566 | D        | xeno23: аги
 21567 | D        | crauler: -24 корр гроб гроб кладбище
 21574 | D        | Killed the Royal Jelly
 21574 | D        | Reached skill level 27 in Evocations
 21574 | D        | Reached skill level 1 in Armour
 21578 | D        | xeno23: глаз
 21596 | D        | namelastname112: даже не обмутировали
 21596 | D        | namelastname112: найс
 21596 | D        | namelastname112: теперь надо руну забрать
 21600 | D        | crauler: лрд по стене
 21600 | D        | crauler: аппорт
 21674 | D        | crauler: мышь и по съебам
 21745 | D        | Bought a scroll of recharging for 114 gold pieces
 21745 | D        | Bought a scroll of recharging for 114 gold pieces
 21745 | D        | Bought a scroll of identify for 24 gold pieces
 21746 | D        | Bought a scroll of identify for 24 gold pieces
 21748 | D        | Bought a scroll of identify for 24 gold pieces
 21748 | D        | crauler: а палку
 21748 | D        | crauler: ид
 21792 | D        | xeno23: пасвола нету?
 21837 | D        | namelastname112: есть где-то вроде
 21844 | D        | crauler: не выебут под пасволом?
 21844 | D        | xeno23: выебут
 21934 | D        | crauler: а от посоха окочурится можно?
 21940 | D        | namelastname112: ??staff of dispater
 21940 | D        | beem: staff of dispater[1/2]: +4 golden staff. E(v)oke for 100 hunger, -(5-23) hp, -(2-6) mp, Hellfire (damage = 3d(8/3 + 8*evo/5)). The evocation HP cost can't kill you, directly (but the hellfire can!).
 21986 | D        | Identified a +5 rod of ignition (14/14) (You found it in the Dungeon)
 22189 | D        | Got a brightly glowing dagger
 22340 | D        | namelastname112: >9%
 22340 | D        | crauler: хуя ты
 22362 | D        | Identified the +1 dagger of Disembowelment {drain, Dex+4} (You found it in the Dungeon)
 22578 | D        | crauler: вот уж не думал
 22583 | D        | crauler: что эти дуры тонут
 22690 | D        | namelastname112: вот да
 22690 | D        | namelastname112: даже обычное желе не тонет
 22750 | D        | Gained mutation: You expend magic power (3 MP) to strengthen your wands. [a shining eye]
 22764 | D        | Got a slimy rune of Zot
 22779 | D        | xeno23: мммм
 22786 | D        | xeno23: можешь стены сломать
 22926 | D        | Bought a potion of heal wounds for 65 gold pieces
 22926 | D        | Bought 2 potions of heal wounds for 130 gold pieces
 22927 | D        | Bought a plain deck of war for 182 gold pieces
 22990 | D        | crauler: квад?
 23013 | D        | Reached skill level 5 in Armour
 23025 | D        | Noticed an ancient lich
 23027 | D        | Killed an ancient lich
 23028 | D        | namelastname112: зачем сейчас-то
 23055 | D        | Noticed Tiamat
 23055 | D        | namelastname112: ой блять
 23055 | D        | namelastname112: ну вы серьезно чели
 23055 | D        | xeno23: она кстати мощная
 23198 | D        | crauler: сиззлинг сплеш
 23204 | D        | crauler: какой дурак полез купаться?
 23205 | D        | Killed Tiamat
 23205 | D        | Reached skill level 10 in Armour
 23278 | D        | namelastname112: конфузнул там гея
 23608 | D        | Noticed an orb of fire
 23609 | D        | crauler: лол
 23609 | D        | namelastname112: уууу
 23609 | D        | xeno23: лолчто
 23609 | D        | namelastname112: вот это обмудство
 23609 | D        | namelastname112: прям охуеть
 23609 | D        | crauler: просто решили насрать в душу
 23609 | D        | crauler: напоследок
 23609 | D        | xeno23: он просто контам же вешает
 23609 | D        | namelastname112: вот же суки
 24196 | D        | Noticed a greater mummy
 24196 | D        | Noticed a greater mummy
 24198 | D        | Got a golden rune of Zot
 24430 | D        | namelastname112: хм
 24430 | D        | namelastname112: но это TEN RUNE CHALLENGE
 24430 | D        | namelastname112: где еще одна
 24540 | D        | crauler: какие сейчас руны?
 24541 | D        | Noticed Nellie
 24542 | D        | xeno23: мммм
 24542 | D        | xeno23: уник слон
 24542 | D        | namelastname112: ммм
 24542 | D        | namelastname112: я вангую
 24542 | D        | namelastname112: что это отсылочка
 24542 | D        | crauler: ??nellie[2]
 24542 | D        | beem: nellie[2/2]: http://www.youtube.com/watch?v=eti21PVHXrg
 24542 | D        | namelastname112: https://www.youtube.com/watch?v=9m7tPikH0UA
 24542 | D        | namelastname112: да
 24542 | D        | namelastname112: вот это говно
 24542 | D        | namelastname112: лол
 24542 | D        | namelastname112: @??nellie
 24542 | D        | beem: Nellie (Y)
                  | Spd:
    10 | HD: 20   | HP: 199-280
                  | AC/EV: 13/10
                  | Dam: 45(trample), 20, 15
                  | demonic, unholy
                  | Res: magic(140), drown, rot, neg+++, torm
                  | Vul: holy++
                  | XP: 3394
                  | Sp: fire breath (3d40) [!AM, !sil, breath], blink [!sil]
                  | Sz: Giant
                  | Int: human.
 24549 | D        | Killed Nellie
 24563 | D        | Got a demonic rune of Zot
 24564 | D        | jacquesderrida: NOO CHE TYT NOO CHE
 24564 | D        | namelastname112: вот она где была
 24564 | D        | namelastname112: руна-то
 24564 | D        | namelastname112: поди догадайся блять еще
 24650 | D        | crauler: ну если искать начнешь то маппинг прочтешь и догадаешься
 24760 | D        | crauler: лол
 24771 | D        | crauler: откуда этот дым
 24772 | D        | namelastname112: вот и мне интересно
 24772 | D        | namelastname112: откуда натекло
 24773 | D        | crauler: и ведь не уходит
 25245 | D        | crauler: форточку закрыть забыли
 25249 | D        | crauler: надуло
 25253 | D        | xeno23: че это вообще
 25253 | D        | namelastname112: интересно
 25253 | D        | namelastname112: как он работает
 25253 | D        | namelastname112: при поднятии
 25253 | D        | xeno23: значек квейка
 25253 | D        | crauler: при поднятии наверное
 25253 | D        | namelastname112: или можно в инвентарь положить
 25253 | D        | namelastname112: это квад дэмэдж, ксено
 25257 | D        | xeno23: эвок наверно
 25271 | D        | crauler: я бы не поднимал до того как захотел юзнуть
 25328 | D        | namelastname112: вот это я понимаб
 25328 | D        | namelastname112: ю
 25328 | D        | namelastname112: статуя нахуй
 25340 | D        | Killed an orb of fire
 25358 | D        | Gained mutation: Your spells are a little easier to cast, but a little less powerful. [mutagenic glow]
 25371 | D        | crauler: канцел
 25415 | D        | Gained mutation: Your body sometimes deteriorates upon taking damage. [mutagenic glow]
 25439 | D        | Gained mutation: You occasionally shout uncontrollably at your foes. [mutagenic glow]
 25572 | D        | namelastname112: да поебать уже
 25588 | D        | namelastname112: @??zot statue
 25588 | D        | beem: zot statue (8)
                  | Spd: 10 (stationary)
                  | HD: 8
                  | HP: 62-85
                  | AC/EV: 12/1
                  | Dam: 20
                  | non-living, items, doors, master archer, unbreathing, vault
                  | Res: magic(immune), fire++, cold++, elec, poison+++, drown, rot+++, neg+++, torm
                  | Vul: silver
                  | XP: 749
                  | Sp: sum.eyeballs [!sil], malmutate [!sil], haste [!sil], shadow creatures [!sil]
                  | Sz:
 25588 | D        | namelastname112: ммм
 25588 | D        | namelastname112: ща кое-какая статуя
 25588 | D        | namelastname112: наловит полное ебало хэлфаера
 25590 | D        | crauler: лрд еще
 25664 | D        | Gained mutation: Your body often deteriorates upon taking damage. [mutagenic glow]
 25947 | D        | xeno23: этот контам
 25948 | D        | Got the Orb of Zot
 25950 | D        | crauler: диспатер то я смотрю ебет
 26019 | D        | Noticed Qinifo the pandemonium lord
 26039 | D        | crauler: канцел выпей епт
 26042 | D        | crauler: бахнет еще
 26047 | D        | namelastname112: смотри-ка
 26047 | D        | namelastname112: эвок все-таки
 26054 | D        | crauler: какое описание?
 26059 | D        | namelastname112: >add reverb to all sound
 26059 | D        | namelastname112: https://www.youtube.com/watch?v=sHeuZ-m1tek
 26075 | D        | namelastname112: ??smoke
 26075 | D        | beem: smoke[1/2]: Two tiles of smoke on the same line will block LOS mutually (like trees). Certain kinds of smoke (like black smoke) spread to adjacent tiles, others just stay put.
 26075 | D        | namelastname112: ммм
 26075 | D        | namelastname112: ну понятно
 26075 | D        | namelastname112: че тут столько дыма
 26088 | D        | Gained mutation: You sometimes yell uncontrollably at your foes. [mutagenic glow]
 26115 | D        | crauler: в полет давай
 26131 | D        | crauler: мышь!
 26155 | D        | crauler: 0.3 делей
 26158 | D        | crauler: обрыгану не снилось
 26161 | D        | namelastname112: ой лол
 26161 | D        | namelastname112: все в капсе
 26170 | D        | crauler: ??quad damage[2]
 26171 | D        | beem: QUAD DAMAGE[2/6]: !lm syllogism sprint uniq=antaeus turn=30902 -tv
 26171 | D        | Noticed Kotin the pandemonium lord
 26173 | D        | crauler: ??quad damage[3]
 26173 | D        | beem: QUAD DAMAGE[3/6]: THE RAT TWITCHES ITS WHISKERS.
 26174 | D        | Killed Kotin the pandemonium lord
 26174 | D        | Reached XP level 20. HP: 186/186 MP: 39/43
 26204 | D        | Escaped with the Orb!

Vault maps used:
D:        dungeon_sprint_mu

Skill      XL: |  1  2  3  4  5  6  7  8  9 10 11 12 13 14 15 16 17 18 19 |
---------------+----------------------------------------------------------+-----
Fighting       | 1 2 4 5 6 7 8 10 11 12 13 14 16 17 19 23 | 23.4
Short Blades   | 2 4 5 6 7 8 9 10 12 13 14 15 17 18 | 18.8
Stealth        | 5 7 8 9 11 13 15 16 17 19 21 24 27 | 27.0
Hexes          | 5 7 8 9 10 11 12 14 15 16 18 19 21 23 | 23.6
Dodging        | 3 4 5 6 7 8 9 11 12 13 14 15 17 19 20 22 26 | 26.9
Spellcasting   | 3 4 5 6 7 8 9 10 11 12 13 14 16 17 19 | 19.9
Translocations | 5 8 |  8.6
Throwing       | 7 10 13 16 17 19 | 19.4
Shields        | 4 |  4.6
Charms         | 4 11 14 15 | 15.8
Earth Magic    | 12 17 18 | 18.7
Invocations    | 11 16 17 | 17.2
Evocations     | 22 27 | 27.0
Armour         | 13 | 13.9

Action                   |  1- 3 |  4- 6 |  7- 9 | 10-12 | 13-15 | 16-18 | 19-21 || total
-------------------------+-------+-------+-------+-------+-------+-------+-------++-------
Melee: Dagger            |    26 |     3 |    78 |   170 |   156 |       |       ||   433
       Bite              |     3 |       |    13 |    12 |    37 |    73 |    11 ||   149
       Quick blade       |       |       |       |       |   162 |   456 |    93 ||   711
       Demon blade       |       |       |       |       |    28 |    46 |     6 ||    80
       Unarmed           |       |       |       |       |       |     1 |       ||     1
 Fire: Blowgun           |       |       |       |       |    13 |     8 |     3 ||    24
Throw: Throwing net      |       |       |       |       |       |     6 |     6 ||    12
 Cast: Ensorcelled Hiber |     3 |       |     2 |    29 |    16 |     3 |     3 ||    56
       Confuse           |       |       |     6 |     8 |    86 |    38 |    44 ||   182
       Dazzling Spray    |       |       |    10 |    19 |    56 |    32 |    21 ||   138
       Invisibility      |       |       |     3 |     2 |    10 |     6 |     1 ||    22
       Tukima's Dance    |       |       |     1 |       |     1 |     3 |     5 ||    10
       Passage of Golubr |       |       |       |       |     5 |     4 |     4 ||    13
       Darkness          |       |       |       |       |     3 |     3 |     1 ||     7
       Fulminant Prism   |       |       |       |       |     5 |    39 |       ||    44
       Lee's Rapid Decon |       |       |       |       |       |    61 |     5 ||    66
       Spectral Weapon   |       |       |       |       |       |     3 |       ||     3
       Silence           |       |       |       |       |       |     1 |       ||     1
       Deflect Missiles  |       |       |       |       |       |     1 |       ||     1
       Apportation       |       |       |       |       |       |       |     2 ||     2
Invok: Shadow Step       |       |       |       |     4 |     1 |     8 |     5 ||    18
 Abil: End Transformatio |       |       |       |     2 |     2 |     3 |     2 ||     9
       Bat Form          |       |       |       |     2 |     2 |     3 |     2 ||     9
       Evoke Flight      |       |       |       |       |     1 |     6 |     7 ||    14
       Stop Flying       |       |       |       |       |       |       |     1 ||     1
Evoke: Deck              |       |       |       |       |       |     1 |    14 ||    15
       Wand              |       |       |       |       |       |     1 |    20 ||    21
       Staff of Dispater |       |       |       |       |       |       |    23 ||    23
       Horn of Geryon    |       |       |       |       |       |       |     1 ||     1
       Quad damage       |       |       |       |       |       |       |     1 ||     1
  Use: Scroll            |       |       |     4 |       |    18 |    14 |     4 ||    40
       Potion            |       |       |       |     1 |     6 |    12 |    17 ||    36
 Stab: Sleeping          |     6 |     3 |     7 |    44 |    68 |    82 |    23 ||   233
       Confused          |       |       |     6 |     4 |    45 |    23 |    14 ||    92
       Invisible         |       |       |    19 |    39 |    16 |    20 |     5 ||    99
       Distracted        |       |       |       |       |     3 |     4 |       ||     7
       Paralysed         |       |       |       |       |     1 |     4 |     1 ||     6
       Held in net/web   |       |       |       |       |       |     7 |     8 ||    15
Armor: Robe              |     4 |       |     2 |     1 |    16 |    23 |    16 ||    62
       Leather armour    |       |       |     1 |     7 |       |       |       ||     8
Dodge: Dodged            |     9 |       |    27 |   197 |   181 |   270 |   103 ||   787
       Deflected         |       |       |       |       |       |       |     5 ||     5
Block: Buckler           |       |       |       |       |     8 |    58 |    30 ||    96
       Reflection        |       |       |       |       |       |     4 |     1 ||     5
